 Dungeon Crawl Stone Soup version 0.28-a0-1182-g381e24db82 (webtiles) character file.

Game seed: 9507094723273089349

1017 Glokmah the Magician (level 8, -1/60 HPs)
             Began as a Gnoll Wanderer on Dec 17, 2021.
             Was a Believer of Okawaru.
             Slain by a bullfrog zombie (4 damage)
             ... on level 5 of the Dungeon.
             The game lasted 00:13:15 (6684 turns).

Glokmah the Magician (Gnoll Wanderer)               Turns: 6684, Time: 00:13:15

Health: -1/60      AC:  6    Str:  8    XL:     8   Next: 22%
Magic:  17/19      EV: 15    Int: 12    God:    Okawaru [**....]
Gold:   268        SH:  0    Dex: 17    Spells: 11/22 levels left

rFire   . . .      SeeInvis .   b - +0 falchion (elec)
rCold   . . .      Faith    .   (no shield)
rNeg    . . .      Spirit   .   c - +3 leather armour
rPois   .          Reflect  .   (no helmet)
rElec   .          Harm     .   (no cloak)
rCorr   .          Rampage  .   (no gloves)
Will    .....                   (no boots)
Stlth   ++........              i - amulet of magic regeneration
HPRegen 0.20/turn               (no ring)
MPRegen 0.56/turn               (no ring)

@: very slightly contaminated, hasted, very quick
A: fangs 1, strong nose, distributed training
a: Renounce Religion, Heroism


You were on level 5 of the Dungeon.
You worshipped Okawaru.
Okawaru was pleased with you.
You visited 1 branch of the dungeon, and saw 5 of its levels.

You collected 268 gold pieces.

Inventory:

Hand Weapons
 a - a +0 dagger of draining
 b - a +0 falchion of electrocution (weapon)
 q - a +0 shortbow
Missiles
 r - 42 arrows
 u - 12 poisoned darts (quivered)
Armour
 c - a +3 leather armour (worn)
 s - a +0 buckler
Magical Staves
 m - a staff of poison
Jewellery
 i - an amulet of magic regeneration (around neck)
Wands
 v - a wand of polymorph (5)
Scrolls
 e - 2 scrolls of torment
 k - 2 scrolls of amnesia
 n - a scroll of teleportation
 t - a scroll of blinking
 x - a scroll of holy word {unknown}
Potions
 f - a potion of mutation {unknown}
 g - a potion of berserk rage {unknown}
 h - 2 potions of haste
 j - a potion of lignification {unknown}
 l - 2 potions of brilliance
 o - a potion of degeneration {unknown}
 p - a potion of heal wounds {unknown}
 w - a potion of attraction {unknown}


   Skills:
 + Level 4.0 Fighting
 + Level 3.1 Short Blades
 + Level 3.1 Long Blades
 + Level 3.1 Axes
 + Level 3.1 Maces & Flails
 + Level 3.1 Polearms
 + Level 3.1 Staves
 + Level 3.1 Slings
 + Level 3.1 Bows
 + Level 3.1 Crossbows
 + Level 3.1 Throwing
 + Level 3.1 Armour
 + Level 7.3 Dodging
 + Level 3.1 Stealth
 + Level 3.1 Shields
 + Level 3.1 Unarmed Combat
 + Level 7.8 Spellcasting
 + Level 2.5 Conjurations
 + Level 2.5 Hexes
 + Level 2.5 Summonings
 + Level 2.5 Necromancy
 + Level 2.5 Translocations
 + Level 2.5 Transmutations
 + Level 2.5 Fire Magic
 + Level 3.3 Ice Magic
 + Level 2.5 Air Magic
 + Level 2.5 Earth Magic
 + Level 2.5 Poison Magic
 + Level 3.4 Invocations
 + Level 5.5 Evocations


You had 11 spell levels left.
You knew the following spells:

 Your Spells              Type           Power      Damage    Failure   Level
a - Freeze                Ice            48%        1d7       5%          1
b - Frozen Ramparts       Ice            24%        1d4       16%         3
c - Dazzling Flash        Conj/Hex       20%        N/A       22%         3
d - Hailstorm             Conj/Ice       11%        3d5       54%         4

Your spell library contained the following spells:

 Spells                   Type           Power      Damage    Failure   Level
 Agony                    Necr           10%        N/A       91%         5
 Silence                  Hex/Air        5%         N/A       91%         5
 Orb of Destruction       Conj           5%         9d2       100%        7
 Summon Guardian Golem    Hex/Summ       Unusable   N/A       N/A         3
 Spellforged Servitor     Conj/Summ      Unusable   N/A       N/A         7

Dungeon Overview and Level Annotations

Branches:
Dungeon (5/15)             Temple (0/1) D:5

Altars:
Ashenzari
Cheibriados
Elyvilon
Hepliaklqana
Kikubaaqudgha
Okawaru
Trog
Vehumet
Yredelemnul

Annotations:
D:5 1 runed translucent door


Innate Abilities, Weirdness & Mutations

You have very sharp teeth.
Your uncanny sense of smell can sniff out nearby items.
Your experience applies equally to all skills.


Message History

You bite the bullfrog zombie, but do no damage.
The bullfrog zombie is heavily damaged.
You feel sick.
You are no longer poisoned.
The bullfrog zombie hits you.
* * * LOW HITPOINT WARNING * * *
Unknown command.
Casting: Freeze (safe; 5% risk of failure)
Confirm with . or Enter, or press ? or * to list all spells.
Casting: Frozen Ramparts (dangerous; 16% risk of failure)
Press: ? - help, Dir - look around, f - activate You miscast Frozen Ramparts.
You are very lightly contaminated with residual magic.
Your hands feel numb with cold!
* * * LOW HITPOINT WARNING * * *
The bullfrog zombie closely misses you.
You feel better. The bullfrog zombie closely misses you.
The bullfrog zombie hits you.
* * * LOW HITPOINT WARNING * * *
Casting: Frozen Ramparts (dangerous; 16% risk of failure)
Confirm with . or Enter, or press ? or * to list all spells.
Casting: Dazzling Flash (dangerous; 22% risk of failure)
Press: ? - help, Dir - look around, f - activate The bullfrog zombie closely misses you.
Unknown command.
You barely miss the bullfrog zombie.
The bullfrog zombie is heavily damaged.
The bullfrog zombie misses you.
You hit the bullfrog zombie.
The bullfrog zombie is heavily damaged.
The bullfrog zombie barely misses you. The bullfrog zombie hits you.
* * * LOW HITPOINT WARNING * * *
You hit the bullfrog zombie.
The bullfrog zombie is severely damaged.
The bullfrog zombie hits you but does no damage.
The bullfrog zombie misses you.
Okay, then.
Okay, then.
You feel yourself speed up. The bullfrog zombie hits you.
You die...

####.# #...........## # .#
##...........# # #
#........<..######♣♣♣ ##
.............≈≈≈≈P≈≈≈♣ ..
#.....##.#.....≈≈≈≈≈≈≈≈ #
#.....##.#....P≈≈≈P≈≈≈≈ ####
..............≈≈P≈P≈≈≈
...###.........#.#....≈≈≈≈≈≈≈
.P.....s ).....Z@)....≈P≈P≈≈≈
........ ..##+####..P≈≈≈≈≈≈≈≈
........ . #.≈. #..≈≈P≈≈P≈≈≈
........ #.≈ ....PP≈≈≈≈≈≈≈
######## #.≈ ##...≈≈≈≈PP≈≈≈
....... #. #....≈≈≈≈≈≈≈≈≈
....... #.∆ #....######♣♣♣
....... #.[... ####### ..####


You could see a bullfrog zombie.

Vanquished Creatures
  Edmund (D:5)
  A water moccasin (D:5)
  A sky beast (D:3)
  An ogre (D:5)
  A necrophage (D:4)
  A centaur (D:5)
  A centaur zombie (D:5)
  2 centaur skeletons
  2 hounds (D:5)
  An iguana (D:4)
  2 orc wizards (D:5)
  A scorpion zombie (D:4)
  2 hound skeletons (D:4)
  A howler monkey skeleton (D:5)
  4 gnolls (D:3)
  4 adders
  A white imp (D:4)
  An ufetubus (D:4)
  2 worms (D:2)
  6 dart slugs
  7 orcs
  7 ball pythons
  5 bats (D:1)
  6 endoplasms
  2 giant cockroaches
  7 goblins
  3 hobgoblins
  4 jackals (D:4)
  2 quokkas
  A frilled lizard (D:2)
  5 kobolds
  2 rats
87 creatures vanquished.

Vanquished Creatures (others)
  35 plants
35 creatures vanquished.

Grand Total: 122 creatures vanquished

Notes
Turn   | Place    | Note
-------+----------+-------------------------------------------
     0 | D:1      | Glokmah the Gnoll Wanderer began the quest for the Orb.
     0 | D:1      | Glokmah set off with the following items: a +0 dagger, a
                  | wand of polymorph (5), a +2 leather armour; and the
                  | following spell memorised: Freeze; and the following spells
                  | available to memorise: Frozen Ramparts
     0 | D:1      | Reached XP level 1. HP: 17/17 MP: 8/8
   124 | D:1      | Reached XP level 2. HP: 5/23 MP: 7/10
   658 | D:1      | Found a faded altar of an unknown god.
  1048 | D:2      | Reached XP level 3. HP: 21/28 MP: 7/11
  1052 | D:2      | Learned a level 3 spell: Frozen Ramparts
  1415 | D:2      | Reached skill level 1 in Invocations
  2426 | D:3      | Found an iron altar of Okawaru.
  2458 | D:3      | Became a worshipper of Warmaster Okawaru
  2482 | D:3      | Reached skill level 1 in Short Blades
  2482 | D:3      | Reached skill level 1 in Long Blades
  2482 | D:3      | Reached skill level 1 in Axes
  2482 | D:3      | Reached skill level 1 in Maces & Flails
  2482 | D:3      | Reached skill level 1 in Polearms
  2482 | D:3      | Reached skill level 1 in Staves
  2482 | D:3      | Reached skill level 1 in Slings
  2482 | D:3      | Reached skill level 1 in Bows
  2482 | D:3      | Reached skill level 1 in Crossbows
  2482 | D:3      | Reached skill level 1 in Throwing
  2482 | D:3      | Reached skill level 1 in Armour
  2482 | D:3      | Reached skill level 1 in Stealth
  2482 | D:3      | Reached skill level 1 in Shields
  2482 | D:3      | Reached skill level 1 in Unarmed Combat
  2528 | D:3      | Noticed a sky beast
  2549 | D:3      | Reached XP level 4. HP: 30/34 MP: 8/13
  2557 | D:3      | Killed a sky beast
  2558 | D:3      | Reached skill level 1 in Conjurations
  2558 | D:3      | Reached skill level 1 in Hexes
  2558 | D:3      | Reached skill level 1 in Summonings
  2558 | D:3      | Reached skill level 1 in Necromancy
  2558 | D:3      | Reached skill level 1 in Translocations
  2558 | D:3      | Reached skill level 1 in Transmutations
  2558 | D:3      | Reached skill level 1 in Fire Magic
  2558 | D:3      | Reached skill level 1 in Air Magic
  2558 | D:3      | Reached skill level 1 in Earth Magic
  2558 | D:3      | Reached skill level 1 in Poison Magic
  2558 | D:3      | Reached XP level 5. HP: 21/41 MP: 0/14
  2741 | D:3      | Reached * piety under Okawaru
  3181 | D:3      | Found a hazy altar of Hepliaklqana.
  3183 | D:3      | Found a basalt altar of Yredelemnul.
  3183 | D:3      | Found a radiant altar of Vehumet.
  3405 | D:4      | Learned a level 3 spell: Dazzling Flash
  3571 | D:4      | Reached XP level 6. HP: 43/47 MP: 12/16
  4164 | D:4      | Found a white marble altar of Elyvilon.
  4296 | D:4      | Found a bloodstained altar of Trog.
  4296 | D:4      | Found a broken altar of Ashenzari.
  4489 | D:4      | Found an ancient bone altar of Kikubaaqudgha.
  4626 | D:4      | Reached skill level 5 in Evocations
  4655 | D:4      | Learned a level 4 spell: Hailstorm
  4967 | D:5      | Entered Level 5 of the Dungeon
  5285 | D:4      | HP: 2/47 [white imp/puff of frost (10)]
  5547 | D:5      | Reached XP level 7. HP: 29/52 MP: 18/18
  5786 | D:5      | Found a snail-covered altar of Cheibriados.
  6063 | D:5      | Found a runed translucent door.
  6074 | D:5      | Noticed Edmund
  6511 | D:5      | Found a staircase to the Ecumenical Temple.
  6523 | D:5      | Reached ** piety under Okawaru
  6524 | D:5      | Reached XP level 8. HP: 55/60 MP: 13/19
  6674 | D:5      | Killed Edmund
  6682 | D:5      | HP: 3/60 [bullfrog zombie (3)]
  6684 | D:5      | Slain by a bullfrog zombie

Illustrated notes

Levels and vault maps discovered:
D:1:      dpeg_arrival_line_fractal, layout_rooms,
          shapermc_ecumenical_altar_pompeii, minivault_4, hangedman_decor_lopped
D:2:      layout_basic, chequers_avenue
D:3:      layout_rooms, mainiacjoe_overflow_24_doors,
          grunt_temple_overflow_diamond
D:4:      layout_loops_ring, nicolae_kikubaaqudgha_miasma_corner,
          chequers_temple_overflow_statue_of_worship, serial_bayou,
          serial_bayou_pond_e, serial_bayou_pond_a, serial_bayou_pond_e,
          serial_bayou_pond_c, minmay_liquid_box, grunt_ministairs_10,
          minmay_ruined_shrine
D:5:      layout_basic, mainiacjoe_overflow_tiny_flanked,
          minmay_temple_entry_sparse_star, serial_bayou, serial_bayou_pond_a,
          serial_bayou_crossing, serial_bayou_shore_a, serial_bayou_shore_b,
          serial_bayou_pond_e, serial_bayou_lake_a,
          ebering_ghost_reflecting_pool, uniq_edmund

Skill      XL: |  1  2  3  4  5  6  7  8 |
---------------+-------------------------+-----
Ice Magic      | 2 3 |  3.3
Invocations    | 1 2 3 |  3.4
Short Blades   | 1 2 3 |  3.1
Long Blades    | 1 2 3 |  3.1
Axes           | 1 2 3 |  3.1
Maces & Flails | 1 2 3 |  3.1
Polearms       | 1 2 3 |  3.1
Staves         | 1 2 3 |  3.1
Slings         | 1 2 3 |  3.1
Bows           | 1 2 3 |  3.1
Crossbows      | 1 2 3 |  3.1
Throwing       | 1 2 3 |  3.1
Armour         | 1 2 3 |  3.1
Stealth        | 1 2 3 |  3.1
Shields        | 1 2 3 |  3.1
Unarmed Combat | 1 2 3 |  3.1
Fighting       | 3 4 |  4.0
Conjurations   | 1 2 |  2.5
Hexes          | 1 2 |  2.5
Summonings     | 1 2 |  2.5
Necromancy     | 1 2 |  2.5
Translocations | 1 2 |  2.5
Transmutations | 1 2 |  2.5
Fire Magic     | 1 2 |  2.5
Air Magic      | 1 2 |  2.5
Earth Magic    | 1 2 |  2.5
Poison Magic   | 1 2 |  2.5
Evocations     | 5 |  5.5
Dodging        | 7 |  7.3
Spellcasting   | |  7.8

Action                   |  1- 3 |  4- 6 |  7- 9 || total
-------------------------+-------+-------+-------++-------
Melee: Dagger            |    19 |   196 |    95 ||   310
       Bite              |     2 |    25 |    11 ||    38
       Punch             |       |     2 |     1 ||     3
       Falchion          |       |       |    20 ||    20
Throw: Dart              |       |     2 |       ||     2
 Cast: Freeze            |    79 |    40 |    24 ||   143
       Frozen Ramparts   |     1 |    14 |    11 ||    26
       Dazzling Flash    |       |     1 |     4 ||     5
  Use: Scroll            |       |    12 |       ||    12
       Potion            |       |     1 |     2 ||     3
 Stab: Sleeping          |     2 |     1 |       ||     3
Armor: Leather armour    |    24 |    83 |    46 ||   153
Dodge: Dodged            |    61 |   191 |   150 ||   402

Table legend: (Time is in decaauts)
 A = Elapsed time spent in this place.
 B = Non-inter-level travel time spent in this place.
 C = Inter-level travel time spent in this place.
 D = Time resting spent in this place.
 E = Time spent auto-exploring this place.
 F = Levels seen in this place.
 G = Mean time per level.
                   A        B        C        D        E       F      G
               +--------+--------+--------+--------+--------+-----+--------+
         Total |   6689 |   6496 |    193 |   1529 |   3667 |   5 | 1337.8 |
       Dungeon |   6689 |   6496 |    193 |   1529 |   3667 |   5 | 1337.8 |
               +--------+--------+--------+--------+--------+-----+--------+

Top non-repeatable levels by time:
     D:4: 1950 daAuts
     D:3: 1606 daAuts
     D:2: 1448 daAuts
     D:1: 972 daAuts
     D:5: 711 daAuts
